 Dungeon Crawl Stone Soup version 0.25-a0-700-g7f8a797 (webtiles) character file.

Game seed: 6664060025675083509, levelgen mode: deterministic

10767 BlueFish the Grappler (level 11, -2/105 HPs)
             Began as a Troll Monk on Apr 2, 2020.
             Was a High Priest of Wu Jian.
             Slain by an entropy weaver (8 damage)
             ... in a Gauntlet.
             The game lasted 00:22:32 (9118 turns).

BlueFish the Grappler (Troll Monk)                  Turns: 9118, Time: 00:22:32

Health: -2/105     AC:  8    Str: 24    XL:     11   Next: 40%
Magic:  19/19      EV:  6    Int:  6    God:    Wu Jian [*****.]
Gold:   707        SH:  0    Dex: 12    Spells: 10/10 levels left

rFire    . . .     SeeInvis .     - Unarmed
rCold    . . .     Gourm    +   (no shield)
rNeg     . . .     Faith    +   a - +0 robe
rPois    +         Spirit   .   (helmet restricted)
rElec    +         Reflect  .   h - +1 cloak
rCorr    +         Harm     .   (gloves unavailable)
MR       .....     NoTele   +   (boots unavailable)
Stlth    ++........             z - amulet of Temptation {Faith +Inv rElec MP+9}
HPRegen  0.67/turn              f - ring of poison resistance
MPRegen  0.16/turn              B - ring of resist corrosion

@: held
A: large, unfitting armour, claws 3, fast metabolism 3, gourmand, regeneration
1, shaggy fur 1, tough skin 3
a: Wall Jump, Serpent's Lash, Heavenly Storm, Renounce Religion, Evoke
Invisibility


You were in a Gauntlet.
You worshipped Wu Jian.
Wu Jian was extremely pleased with you.
You were very full.

You visited 2 branches of the dungeon, and saw 12 of its levels.
You also visited: Gauntlet.

You collected 707 gold pieces.

Inventory:

Armour
 a - a +0 robe (worn)
 h - a +1 cloak (worn)
Jewellery
 f - a ring of poison resistance (left claw)
 n - a +2 ring of protection
 t - a +3 amulet of reflection
 z - the amulet of Temptation (around neck) {Faith +Inv rElec MP+9}
   (You found it in a Gauntlet)

   [amulet of faith]

   It allows you to gain divine favour quickly.
   It insulates you from electricity.
   It affects your magic capacity (+9).
   It lets you turn invisible.
 B - a ring of resist corrosion (right claw)
Wands
 j - a wand of polymorph (15)
 m - a wand of paralysis (5)
 r - a wand of flame (37)
 s - a wand of digging (5)
 v - a wand of scattershot (2)
Scrolls
 c - 2 scrolls of fear
 d - 3 scrolls of fog
 e - 2 scrolls of magic mapping
 i - 7 scrolls of teleportation
 l - 5 scrolls of remove curse
 u - 4 scrolls of blinking
 y - a scroll of holy word
 C - 4 scrolls of amnesia
Potions
 g - 3 potions of heal wounds
 k - 3 potions of curing
 o - a potion of brilliance
 p - a potion of flight
 q - a potion of magic
 w - 2 potions of might
 x - a potion of cancellation {unknown}
 A - 2 potions of haste
 G - a potion of degeneration {unknown}
Comestibles
 b - 15 rations


   Skills:
 * Level 6.0 Fighting
 + Level 5.5 Dodging
 + Level 3.4 Stealth
 * Level 14.5 Unarmed Combat


You had 10 spell levels left.
You didn't know any spells.
Your spell library contained the following spells:

 Spells                   Type           Power        Failure   Level  Hunger
 Swiftness                Chrm/Air       #.......     58%         2    ###....
 Mephitic Cloud           Conj/Pois/Air  #.......     83%         3    ####...
 Iskenderun's Battlesphe  Conj/Chrm      #.......     100%        5    ######.


Dungeon Overview and Level Annotations

Branches:
Dungeon (11/15)            Temple (1/1) D:4            Lair (0/6) D:9
    Orc (0/2) D:9         Gauntlet (1/1)

Altars:
Ashenzari
Cheibriados
Dithmenos
Elyvilon
Fedhas
Gozag
Hepliaklqana
Kikubaaqudgha
Makhleb
Nemelex Xobeh
Okawaru
Qazlal
Ru
Sif Muna
Trog
Uskayaw
Vehumet
Wu Jian
Xom
Yredelemnul
Zin
The Shining One
Beogh

Shops:
D:9 !

Annotations:
D:8 1 runed translucent door Gauntlet 9 transporters


Innate Abilities, Weirdness & Mutations

You are too large for most types of armour.
You have claws for hands.
Your metabolism is lightning-fast.
You like to eat raw meat.
Your natural rate of healing is unusually fast.
You are covered in fur. (AC +1)
You have extremely tough skin. (AC +3)


Message History

The jumping spider bites you but does no damage.
The redback completely misses you.
You struggle to detach yourself from the web.
The jumping spider pounces on you but does no damage.
The jumping spider bites you.
The redback bites you but does no damage.
The entropy weaver hits you!
The entropy weaver hits you but does no damage.
The entropy weaver hits you. x2; The jumping spider pounces on you!
The jumping spider bites you.
* * * LOW HITPOINT WARNING * * *
The redback bites you!
* * * LOW HITPOINT WARNING * * *
The entropy weaver hits you but does no damage.
The entropy weaver hits you!
* * * LOW HITPOINT WARNING * * *
The entropy weaver hits you.
* * * LOW HITPOINT WARNING * * *
The entropy weaver hits you!
You die...

##...#.#..##.#...#.#####
#≈...#.#.©...#...#..#...
##...#########...#..)$©.
#≈.....#.©.#.....#######
##.8...#.8.#...8....#.©.
##......#.©.#........#...
#≈...###########.....#.©.
##...#.ss......#...######
#≈...#.#@....#.#...##s#a#
##...#.a#####..#...#.#.#.
#≈...#..##.##..#...##.#.#
##.8.#....©....#.8.#.#.#©
#≈...#..##.##..#...##.#^#
##...#..#####..#...#a#=#=
#≈...#.#.....#.#...##s#©#
##...#..!}©[...#...######
#≈...###########.........


You could see an entropy weaver, a jumping spider and a redback.

Vanquished Creatures
  A death ooze (Gauntlet)
  Harold (D:9)
  Nergalle (D:10)
  A wolf spider (Gauntlet)
  A manticore (D:10)
  Maurice (D:9)
  2 trolls (D:10)
  A slime creature (Gauntlet)
  2 hippogriffs
  A wraith (D:10)
  A vampire (D:11)
  5 yaks
  6 orc warriors
  A sky beast (D:9)
  An ice beast (D:11)
  2 black bears
  3 phantoms
  2 necrophages
  5 ogres
  4 centaurs
  A bullfrog (D:8)
  2 elf zombies (D:9)
  A big kobold (D:9)
  2 water moccasin zombies (D:6)
  8 scorpions
  21 killer bees
  9 wights
  A howler monkey (D:4)
  A bullfrog zombie (D:6)
  2 crimson imps (D:7)
  5 hounds
  4 human zombies (D:9)
  2 orc wizards
  3 jellies
  An orc priest (D:10)
  A bullfrog skeleton (D:6)
  A human skeleton (D:9)
  4 iguanas
  14 worker ants
  A hound zombie (D:6)
  A hound skeleton (D:4)
  2 mummies (D:9)
  A worker ant zombie (D:8)
  A howler monkey skeleton (D:6)
  3 gnolls (D:6)
  15 adders
  3 shadow imps
  2 oozes
  2 adder skeletons
  4 worms
  3 dart slugs (D:1)
  2 leopard geckos
  38 orcs
  9 giant cockroaches
  5 goblins
  9 hobgoblins
  12 jackals
  5 quokkas
  A ball python (D:1)
  6 bats
  5 frilled lizards
  2 jackal skeletons
  6 kobolds
  An orc zombie (D:9)
  A quokka zombie (D:6)
  11 rats
  3 butterflies (D:8)
279 creatures vanquished.

Vanquished Creatures (others)
  A demonic plant (Gauntlet)
1 creature vanquished.

Grand Total: 280 creatures vanquished

Notes
Turn   | Place    | Note
-------+----------+-------------------------------------------
     0 | D:1      | BlueFish the Troll Monk began the quest for the Orb.
     0 | D:1      | Reached XP level 1. HP: 22/22 MP: 0/0
    47 | D:1      | Reached XP level 2. HP: 29/29 MP: 1/1
   369 | D:1      | Reached XP level 3. HP: 36/36 MP: 2/2
   735 | D:2      | Reached skill level 4 in Unarmed Combat
   832 | D:2      | Reached XP level 4. HP: 42/44 MP: 3/3
   973 | D:2      | Found a radiant altar of Vehumet.
  1331 | D:3      | Found a shimmering blue altar of Sif Muna.
  1400 | D:3      | Reached XP level 5. HP: 53/53 MP: 4/4
  1516 | D:3      | Found a faded altar of an unknown god.
  1680 | D:4      | Reached skill level 5 in Unarmed Combat
  1798 | D:4      | Reached XP level 6. HP: 52/61 MP: 5/5
  1923 | D:4      | Found a staircase to the Ecumenical Temple.
  1929 | Temple   | Entered the Ecumenical Temple
  1961 | Temple   | Became a worshipper of the Wu Jian Council
  1961 | Temple   | Reached * piety under Wu Jian
  1961 | Temple   | Reached ** piety under Wu Jian
  2553 | D:5      | Entered Level 5 of the Dungeon
  2653 | D:5      | Reached skill level 6 in Unarmed Combat
  2718 | D:5      | Found a white marble altar of Elyvilon.
  3125 | D:5      | Reached XP level 7. HP: 65/67 MP: 6/6
  3756 | D:6      | Reached skill level 7 in Unarmed Combat
  3839 | D:6      | Found a white marble altar of Elyvilon.
  4200 | D:6      | Reached skill level 8 in Unarmed Combat
  4200 | D:6      | Reached XP level 8. HP: 69/78 MP: 7/7
  4228 | D:6      | Found a burning altar of Makhleb.
  4672 | D:7      | Found a sacrificial altar of Ru.
  4769 | D:7      | Reached *** piety under Wu Jian
  4769 | D:7      | Reached skill level 9 in Unarmed Combat
  5388 | D:8      | Reached XP level 9. HP: 82/85 MP: 8/8
  5466 | D:8      | Reached skill level 10 in Unarmed Combat
  5661 | D:8      | Found a runed translucent door.
  5662 | D:8      | Found a runed translucent door.
  5739 | D:8      | Found a sparkling altar of Nemelex Xobeh.
  6105 | D:8      | Reached skill level 11 in Unarmed Combat
  6195 | D:9      | Reached **** piety under Wu Jian
  6319 | D:9      | Noticed Harold
  6356 | D:9      | Killed Harold
  6356 | D:9      | Reached skill level 5 in Fighting
  6356 | D:9      | Reached skill level 12 in Unarmed Combat
  6466 | D:9      | Found a staircase to the Lair.
  6535 | D:9      | Reached XP level 10. HP: 96/96 MP: 9/9
  6562 | D:9      | Noticed Maurice
  6569 | D:9      | Killed Maurice
  6579 | D:9      | Found a staircase to the Orcish Mines.
  6755 | D:9      | Found Ziwuehek's Distillery.
  7211 | D:9      | Found a basalt altar of Yredelemnul.
  7489 | D:10     | Entered Level 10 of the Dungeon
  7548 | D:9      | Reached skill level 13 in Unarmed Combat
  7655 | D:10     | Noticed Nergalle
  7785 | D:10     | Killed Nergalle
  7785 | D:10     | Reached skill level 5 in Dodging
  7858 | D:10     | Reached ***** piety under Wu Jian
  8007 | D:10     | Reached XP level 11. HP: 92/105 MP: 10/10
  8220 | D:10     | Found a roughly hewn altar of Beogh.
  8226 | D:10     | Reached skill level 14 in Unarmed Combat
  8777 | D:11     | Found a gate leading to a gauntlet.
  8785 | Gauntlet | Entered a Gauntlet
  8785 | Gauntlet | Found a transporter.
  8794 | Gauntlet | Found a transporter.
  8797 | Gauntlet | Found a transporter.
  8800 | Gauntlet | Noticed a dire elephant
  8801 | Gauntlet | Found a transporter.
  8802 | Gauntlet | Found a transporter.
  8803 | Gauntlet | Found a transporter.
  8846 | Gauntlet | Found a transporter.
  8846 | Gauntlet | Noticed a hell beast
  8849 | Gauntlet | Found the +2 cloak of the Thief {+Fog Slay-2 SInv Stlth+}
  8859 | Gauntlet | Found a transporter.
  8860 | Gauntlet | Noticed an entropy weaver
  8872 | Gauntlet | Found a transporter.
  8872 | Gauntlet | Noticed an entropy weaver
  8873 | Gauntlet | Noticed a wolf spider
  8889 | Gauntlet | Found a transporter.
  8893 | Gauntlet | Found a transporter.
  8900 | Gauntlet | Noticed a death ooze
  8903 | Gauntlet | Found a transporter.
  8987 | Gauntlet | Killed a death ooze
  9001 | Gauntlet | Got a sparkling diamond amulet
  9005 | Gauntlet | Identified the Guide on Protection and Envenoming
  9008 | Gauntlet | Identified the amulet of Temptation {Faith +Inv rElec MP+9}
                  | (You found it in a Gauntlet)
  9115 | Gauntlet | Killed a wolf spider
  9118 | Gauntlet | Slain by an entropy weaver

Levels and vault maps discovered:
D:1:      roderic_chinese_lattice_arrival, layout_basic, minmay_tromino_v4_b
D:2:      layout_rooms, overflow_temple_1_default
D:3:      layout_rooms, chequers_ecumenical_altar_grove, first_ration,
          led_sif_pool
D:4:      layout_basic, minmay_temple_entry_waves
D:5:      layout_layer_cave, basic_altar, kennysheep_crisscross
D:6:      layout_loops_ring, elyvilon_altar_5, lemuel_round_altar,
          minmay_stone_trees_small, kennysheep_generic_room_15
D:7:      minmay_klotski, layout_basic, nicolae_ru_sacrificial_ziggurat
D:8:      lemuel_insect_pit, layout_basic, nemelex_xobeh_ov_fountains_minmay
D:9:      layout_loops_ring, lemuel_mausoleum_altar_yredelemnul,
          dpeg_oklobed_lair, serial_co_window_serial, co_window_corner_a,
          co_window_corner_a, co_window_paths_b, co_window_corner_a,
          co_window_of_opportunity_a, co_window_paths_a,
          co_window_of_opportunity_b, co_window_corner_cb, co_window_corner_b,
          co_window_2corner, co_window_paths_e, co_window_paths_d,
          glass_columns_c, glass_columns_a, glass_columns_a, serial_shops,
          nicolae_shop_behind_doors, uniq_maurice, uniq_harold
D:10:     layout_roguey, special_room [special_room_orc], uniq_nergalle
D:11:     layout_roguey, gauntlet_entry_generic, hangedman_pestilent_swarm,
          hangedman_weighted_door, hangedman_decor_points
Temple:   nicolae_temple_elliptical
Gauntlet: minmay_gauntlet_mixed_oops_all_seconds
          [minmay_gauntlet_arena_77_squiggly, gammafunk_gauntlet_arena_chambers,
          minmay_gauntlet_arena_77_two_lines, nicolae_gauntlet_arena_blocks,
          minmay_gauntlet_arena_77_checkered, gammafunk_gauntlet_arena_mazey,
          gauntlet_exit_spiral]

Skill      XL: |  1  2  3  4  5  6  7  8  9 10 11 |
---------------+----------------------------------+-----
Unarmed Combat | 4 5 6 8 9 12 13 14 | 14.5
Fighting       | 3 4 5 6 |  6.0
Dodging        | 3 4 5 |  5.5
Stealth        | 2 3 |  3.4

Action                   |  1- 3 |  4- 6 |  7- 9 | 10-12 || total
-------------------------+-------+-------+-------+-------++-------
Melee: Unarmed           |    90 |   176 |   303 |   257 ||   826
       Punch             |       |     4 |     9 |    17 ||    30
Invok: Lunge             |       |     5 |    22 |    36 ||    63
       Whirlwind         |       |       |    63 |    36 ||    99
  Use: Scroll            |     5 |     6 |     5 |     6 ||    22
       Potion            |       |       |       |     1 ||     1
 Stab: Sleeping          |     2 |     6 |     2 |    10 ||    20
       Distracted        |       |       |     1 |     1 ||     2
  Eat: Chunk             |    13 |    19 |    33 |    22 ||    87
Armor: Robe              |    25 |    51 |    58 |    45 ||   179
Dodge: Dodged            |    35 |    86 |   101 |    94 ||   316
Block: Other             |       |       |    11 |    23 ||    34
       Reflection        |       |       |       |     1 ||     1

Table legend:
 A = Non-vault XP
 B = Vault XP
 C = Vault XP percentage of total XP
 D = Non-vault monster count
 E = Vault monster count
 F = Vault count percentage of total count
                 A         B        C        D         E       F
            +---------+---------+-------+---------+---------+-------
      Total |    9373 |    6009 |  39.1 |     226 |      50 |  18.1
            +---------+---------+-------+---------+---------+-------
        D:1 |      53 |       1 |   1.9 |      25 |       1 |   3.8
        D:2 |     109 |       0 |   0.0 |      30 |       0 |   0.0
        D:3 |      51 |       0 |   0.0 |      14 |       0 |   0.0
        D:4 |     254 |       0 |   0.0 |      16 |       0 |   0.0
        D:5 |     348 |       0 |   0.0 |      12 |       0 |   0.0
        D:6 |    1013 |       0 |   0.0 |      31 |       0 |   0.0
        D:7 |     610 |       0 |   0.0 |      14 |       0 |   0.0
        D:8 |    1294 |     409 |  24.0 |      21 |      11 |  34.4
        D:9 |    2374 |    2148 |  47.5 |      34 |      14 |  29.2
       D:10 |    2656 |    1419 |  34.8 |      22 |      20 |  47.6
       D:11 |     611 |       0 |   0.0 |       7 |       0 |   0.0
   Gauntlet |       0 |    2032 | 100.0 |       0 |       4 | 100.0
            +---------+---------+-------+---------+---------+-------
